 Dungeon Crawl Stone Soup version 0.28-a0-519-gbfeecf2fc5 (webtiles) character file.

Game seed: 3359234197168558945

427 siradein the Shooter (level 6, -1/44 HPs)
             Began as a Demonspawn Hunter on Sept 24, 2021.
             Was an Initiate of Okawaru.
             Slain by a white imp (2 damage)
             ... on level 5 of the Dungeon.
             The game lasted 00:20:17 (7198 turns).

siradein the Shooter (Demonspawn Hunter)            Turns: 7198, Time: 00:20:17

Health: -1/44      AC: 12    Str: 14    XL:     6   Next: 65%
Magic:  6/6        EV:  3    Int: 13    God:    Okawaru [......]
Gold:   217        SH:  0    Dex: 13    Spells: 2/5 levels left

rFire   . . .      SeeInvis .   p - +1 whip (elec)
rCold   . . .      Faith    .   (no shield)
rNeg    . . .      Spirit   .   t - +0 plate armour
rPois   .          Reflect  .   n - +0 helmet
rElec   .          Harm     .   (no cloak)
rCorr   .          Rampage  .   u - +0 pair of gloves
Will    .....                   (no boots)
Stlth   ..........              (no amulet)
HPRegen 0.14/turn               (no ring)
MPRegen 0.10/turn               (no ring)

@: no status effects
A: powered by death 1, demonic magic 1
a: Renounce Religion


You were on level 5 of the Dungeon.
You worshipped Okawaru.
Okawaru was noncommittal.
You visited 2 branches of the dungeon, and saw 6 of its levels.

You collected 217 gold pieces.

Inventory:

Hand Weapons
 a - a +1 shortbow
 p - a +1 whip of electrocution (weapon)
Missiles
 d - 17 arrows
 o - 21 poisoned darts (quivered)
Armour
 i - a +1 pair of gloves
 k - a +0 tower shield
 n - a +0 helmet (worn)
 t - a +0 plate armour (worn)
 u - a +0 pair of gloves (worn)
Wands
 m - a wand of polymorph (4)
 q - a wand of mindburst (10)
Scrolls
 b - a scroll of enchant armour {unknown}
 c - a scroll of silence {unknown}
 e - a scroll of fear {unknown}
 h - 2 scrolls of immolation {unknown}
 r - 4 scrolls of identify {unknown}
Potions
 f - a potion of berserk rage {unknown}
 g - a potion of brilliance {unknown}
 j - 3 potions of curing {unknown}
 l - a potion of lignification {unknown}
 s - a potion of heal wounds {unknown}


   Skills:
 - Level 2.0 Fighting
 + Level 7.3 Bows
 - Level 1.7 Dodging
 - Level 0.8 Stealth
 + Level 1.1 Invocations


You had 2 spell levels left.
You knew the following spells:

 Your Spells              Type           Power      Damage    Failure   Level
a - Vampiric Draining     Necr           0%         2d6       100%        3

Your spell library contained the following spells:

 Spells                   Type           Power      Damage    Failure   Level
 Slow                     Hex            0%         N/A       100%        2
 Confusing Touch          Hex            0%         N/A       100%        3
 Conjure Flame            Conj/Fire      0%         6-21      100%        3
 Ignite Poison            Fire/Tmut/Pois 0%         N/A       100%        3
 Sticky Flame             Conj/Fire      0%         2d3       100%        4


Dungeon Overview and Level Annotations

Branches:
Dungeon (5/15)             Temple (1/1) D:4

Altars:
Ashenzari
Cheibriados
Dithmenos
Elyvilon
Fedhas
Makhleb
Nemelex Xobeh
Okawaru
Ru
Sif Muna
Vehumet
Wu Jian
Xom
Yredelemnul
The Shining One


Innate Abilities, Weirdness & Mutations

You regenerate a little health from kills.
Spells you cast may paralyse adjacent enemies.


Message History

The white imp shouts, "Slither away, thou feeble sheep-biting varlet!"
The white imp gestures at you.
The puff of frost hits you but does no damage.
You closely miss the white imp. The white imp gestures at you.
The puff of frost hits you but does no damage.
The white imp gestures at you. The puff of frost hits you.
You are too injured to fight recklessly!
You are too injured to fight recklessly!
You are too injured to fight recklessly!
You hit the white imp.
The white imp is moderately wounded.
The white imp hits you but does no damage.
You hit the white imp.
The white imp is severely wounded.
The white imp gestures at you. The puff of frost hits you!
* * * LOW HITPOINT WARNING * * *
Your plate armour prevents you from hitting the white imp.
The white imp is severely wounded.
The white imp hits you but does no damage.
You closely miss the white imp.
The white imp is severely wounded.
The white imp hits you.
* * * LOW HITPOINT WARNING * * *
The white imp freezes you.
* * * LOW HITPOINT WARNING * * *
You closely miss the white imp.
The white imp is severely wounded.
The white imp gestures at you. The puff of frost hits you!
* * * LOW HITPOINT WARNING * * *
You barely miss the white imp.
The white imp is severely wounded.
The white imp hits you but does no damage.
You hit the white imp but do no damage.
The white imp is severely wounded.
The white imp hits you.
You die...

### ..# #.#
#.# #.# #5#
#@# ### #.###
..# #...# #.#
###.# #.# #.#
#.#########.#
#.#.........#
##....########
#.....#


You could see a white imp.

Vanquished Creatures
  A howler monkey (D:4)
  A jelly (D:5)
  An orc priest (D:3)
  2 iguanas (D:4)
  2 orc wizards (D:2)
  Robin (D:2)
  4 adders
  3 gnolls (D:2)
  An ufetubus (D:4)
  2 worms
  3 dart slugs
  9 orcs
  9 bats
  6 endoplasms
  6 giant cockroaches
  18 goblins
  14 hobgoblins
  6 jackals
  7 kobolds
  8 quokkas
  8 ball pythons
  4 frilled lizards
  7 rats
123 creatures vanquished.

Notes
Turn   | Place    | Note
-------+----------+-------------------------------------------
     0 | D:1      | siradein the Demonspawn Hunter began the quest for the Orb.
     0 | D:1      | Reached XP level 1. HP: 16/16 MP: 1/1
   134 | D:1      | Reached skill level 4 in Bows
   137 | D:1      | Gained mutation: Spells you cast may paralyse adjacent
                  | enemies. [demonic ancestry]
   137 | D:1      | Reached XP level 2. HP: 22/22 MP: 2/2
   803 | D:1      | Reached XP level 3. HP: 27/27 MP: 3/3
  1454 | D:1      | Found a burning altar of Makhleb.
  1515 | D:2      | Noticed Robin
  2009 | D:2      | Reached skill level 5 in Bows
  2055 | D:2      | Killed Robin
  2056 | D:2      | Reached XP level 4. HP: 25/33 MP: 4/4
  2199 | D:2      | You fall into a shaft and drop 1 floor!
  2768 | D:2      | Found a sparkling altar of Nemelex Xobeh.
  3376 | D:2      | Reached XP level 5. HP: 33/38 MP: 5/5
  3915 | D:2      | Reached skill level 6 in Bows
  4111 | D:3      | Learned a level 3 spell: Vampiric Draining
  5651 | D:4      | Gained mutation: You regenerate a little health from kills.
                  | [demonic ancestry]
  5651 | D:4      | Reached XP level 6. HP: 15/44 MP: 6/6
  5922 | D:3      | Reached skill level 7 in Bows
  6461 | D:4      | Found a staircase to the Ecumenical Temple.
  6692 | Temple   | Entered the Ecumenical Temple
  6915 | Temple   | Became a worshipper of Warmaster Okawaru
  7071 | D:5      | Entered Level 5 of the Dungeon
  7114 | D:5      | Reached skill level 1 in Invocations
  7196 | D:5      | HP: 1/44 [white imp/puff of frost (9)]
  7198 | D:5      | Slain by a white imp

Illustrated notes

Levels and vault maps discovered:
D:1:      dpeg_arrival_water_altar, layout_loops_ring, kennysheep_pointless_box,
          item_on_display_a
D:2:      layout_loops_ring, basic_altar, minmay_indecisive_spiral, uniq_robin
D:3:      layout_rooms, minmay_unequal
D:4:      layout_basic, temple_statues
D:5:      layout_basic
Temple:   dpeg_chambers_temple

Skill      XL: |  1  2  3  4  5  6 |
---------------+-------------------+-----
Bows           | 4 5 6 7 |  7.3
Invocations    | 1 |  1.1
Fighting       | |  2.0
Dodging        | |  1.7
Stealth        | |  0.8

Action                   |  1- 3 |  4- 6 || total
-------------------------+-------+-------++-------
Melee: Mace              |   132 |    34 ||   166
       Whip              |       |   265 ||   265
 Fire: Shortbow          |       |    37 ||    37
 Stab: Sleeping          |     2 |     1 ||     3
Armor: Leather armour    |    56 |    49 ||   105
       Plate armour      |       |   156 ||   156
Dodge: Dodged            |    98 |   118 ||   216
Block: Tower shield      |     5 |       ||     5

Table legend: (Time is in decaauts)
 A = Elapsed time spent in this place.
 B = Non-inter-level travel time spent in this place.
 C = Inter-level travel time spent in this place.
 D = Time resting spent in this place.
 E = Time spent auto-exploring this place.
 F = Levels seen in this place.
 G = Mean time per level.
                   A        B        C        D        E       F      G
               +--------+--------+--------+--------+--------+-----+--------+
         Total |   7314 |   7159 |    155 |   1546 |   4220 |   6 | 1219.0 |
       Dungeon |   7082 |   6936 |    146 |   1546 |   4028 |   5 | 1416.4 |
        Temple |    231 |    223 |      8 |      0 |    192 |   1 |  231.0 |
               +--------+--------+--------+--------+--------+-----+--------+

Top non-repeatable levels by time:
     D:1: 1994 daAuts
     D:2: 1891 daAuts
     D:3: 1785 daAuts
     D:4: 1282 daAuts
  Temple: 231 daAuts
     D:5: 127 daAuts
